 Dungeon Crawl Stone Soup version 0.29.1-12-g30fa7ad0bf (webtiles) character file.

Game seed: 17392066785275181168

51 mortz the Trooper (level 3, 0/24 HPs)
             Began as a Gargoyle Monk on Dec 13, 2022.
             Slain by Sigmund
             ... wielding a +0 scythe
              (2 damage)
             ... on level 2 of the Dungeon.
             The game lasted 00:08:31 (2422 turns).

mortz the Trooper (Gargoyle Monk)                   Turns: 2422, Time: 00:08:32

Health: 0/24       AC:  8    Str: 16    XL:     3   Next: 81%
Magic:  3/3        EV: 11    Int: 10    God:
Gold:   39         SH:  0    Dex: 12    Spells: 2/2 levels left

rFire   . . .      SeeInvis .   b - +0 hand axe
rCold   . . .      Faith    .   (no shield)
rNeg    + . .      Spirit   .   r - +0 ring mail
rPois   ∞          Reflect  .   (no helmet)
rElec   +          Harm     .   n - scarf {repulsion}
rCorr   .          Rampage  .   (no gloves)
Will    .....                   (no boots)
Stlth   +.........              g - amulet of the acrobat
HPRegen 0.08/turn               (no ring)
MPRegen 0.08/turn               (no ring)

@: repel missiles
A: sickness immunity, AC +3, negative energy resistance 1, electricity
resistance, torment resistance 1, petrification resistance
a: no special abilities


You were on level 2 of the Dungeon.
You visited 1 branch of the dungeon, and saw 2 of its levels.

You collected 39 gold pieces.

Inventory:

Hand Weapons
 a - a +0 mace
 b - a +0 hand axe (weapon)
 l - a +0 mace
Missiles
 m - 10 stones
 o - 4 javelins (quivered)
 p - 3 poisoned darts
Armour
 j - a +0 cloak
 n - a scarf of repulsion (worn)
 r - a +0 ring mail (worn)
Jewellery
 g - an amulet of the acrobat (around neck)
Scrolls
 d - 2 scrolls of identify {unknown}
 h - a scroll of enchant armour {unknown}
 i - a scroll of brand weapon {unknown}
 q - a scroll of teleportation {unknown}
Potions
 f - a potion of lignification {unknown}
 k - 2 potions of brilliance {unknown}


   Skills:
 + Level 4.2 Fighting
 + Level 3.8 Maces & Flails
 - Level 2.4 Dodging
 - Level 2.2 Stealth


You had 2 spell levels left.
You didn't know any spells.
Your spell library contained the following spells:

 Spells                   Type           Power      Damage    Failure   Level
 Apportation              Tloc           0%         N/A       58%         1
 Necrotise                Necr           0%         1d4       58%         1
 Summon Small Mammal      Summ           0%         N/A       58%         1


Dungeon Overview and Level Annotations

Branches:
Dungeon (2/15) Zot: 9542

Altars:

Shops:
D:2 *

Annotations:
D:2 Sigmund


Innate Abilities, Weirdness & Mutations

You are immune to sickness and miasma.
Your stone body is resilient. (AC +3)
You are immune to poison.
You resist negative energy. (rN+)
You are resistant to electric shocks. (rElec)
You are resistant to unholy torment.
You are immune to petrification.


Message History

You feel less confused. Sigmund misses you.
You closely miss Sigmund.
Sigmund is heavily wounded.
Sigmund hits you with a +0 scythe!
* * * LOW HITPOINT WARNING * * *
Okay, then.
You are confused.
You feel invigorated. Sigmund barely misses you.
You hit Sigmund.
Sigmund is severely wounded.
You completely miss Sigmund.
Sigmund is severely wounded.
Sigmund casts a spell at you. The puff of flame hits you.
You bump into the rock wall.
Sigmund barely misses you.
You bump into the rock wall.
Sigmund points at you and mumbles some strange words.
The puff of flame misses you.
You're too confused to move!
Sigmund hits you with a +0 scythe.
You feel less invigorated.
You feel less confused. Sigmund casts a spell at you. The magic dart hits you!
You hit Sigmund but do no damage.
Sigmund is severely wounded.
Sigmund hits you with a +0 scythe!
* * * LOW HITPOINT WARNING * * *
You hit Sigmund.
Sigmund is almost dead.
Sigmund barely misses you.
You closely miss Sigmund.
Sigmund is almost dead.
Sigmund gestures wildly while chanting.
Sigmund flickers and vanishes!
Deactivating autopickup; reactivate with Ctrl-A.
You barely miss something. Something hits you.
* * * LOW HITPOINT WARNING * * *
You closely miss something. Your punch misses something. Something hits you.
You die...

##.##
#...≈..∩..≈#
...#
..##..≈...≈.#
####
##..≈.≈..# #
#...≈...# # #
####..###
.##### # ##.#
###...... #.#
#.....@..
#######.## #.#
####..
........@###.#
.....#
########.{...#
###### #######
######.
.......
######.
######.#
.......#
########


There were no monsters in sight!

Vanquished Creatures
  An adder (D:2)
  A worm (D:2)
  3 ball pythons
  5 bats (D:1)
  4 endoplasms
  A giant cockroach (D:2)
  4 goblins
  6 hobgoblins
  A quokka (D:1)
  3 frilled lizards
  4 kobolds
  2 rats
35 creatures vanquished.

Vanquished Creatures (others)
  2 plants (D:1)
2 creatures vanquished.

Grand Total: 37 creatures vanquished

Notes
Turn   | Place    | Note
-------+----------+-------------------------------------------
     0 | D:1      | mortz the Gargoyle Monk began the quest for the Orb.
     0 | D:1      | Reached XP level 1. HP: 14/14 MP: 1/1
   384 | D:1      | Reached XP level 2. HP: 19/19 MP: 2/2
  1443 | D:1      | Reached XP level 3. HP: 20/24 MP: 3/3
  1715 | D:2      | Reached skill level 4 in Fighting
  2151 | D:2      | Found a faded altar of an unknown god.
  2328 | D:2      | Found Zestocwez's General Store.
  2385 | D:2      | Noticed Sigmund
  2421 | D:2      | HP: 1/24 [something (3)]
  2422 | D:2      | Slain by Sigmund

Illustrated notes

Levels and vault maps discovered:
D:1:      dpeg_arrival_three_same_balls, layout_loops_corners, serial_forest,
          infiniplex_forest_diagonal, infiniplex_forest_clump_long,
          infiniplex_forest_end_1, infiniplex_forest_straight_5,
          infiniplex_forest_clump_small, corexii_corridor_pit
D:2:      layout_loops_ring, hellmonk_ecumenical_altar_slurped_away,
          serial_shops, nicolae_diamond_shop, uniq_sigmund

Skill      XL: |  1  2  3 |
---------------+----------+-----
Fighting       | 4 |  4.2
Maces & Flails | |  3.8
Dodging        | |  2.4
Stealth        | |  2.2

Action                   || total
-------------------------++-------
Melee: Mace              ||   139
       Hand axe          ||    11
Throw: Stone             ||     5
  Use: Potion            ||     1
 Stab: Sleeping          ||     2
Armor: Leather armour    ||    32
       Robe              ||     1
       Ring mail         ||     3
Dodge: Dodged            ||   100
